 Dungeon Crawl Stone Soup version 0.31.0-32-g396128a36d (webtiles) character file.

Game seed: 9601782188504310294

93 melchizedek the Ruffian (level 4, -1/28 HPs)
             Began as an Octopode Shapeshifter on Apr 5, 2024.
             Slain by a sleepcap (5 damage)
             ... on level 3 of the Dungeon.
             The game lasted 00:05:03 (2635 turns).

melchizedek the Ruffian (Octopode Shapeshifter)     Turns: 2635, Time: 00:05:04

Health: -1/28      AC:  1    Str: 15    XL:     4   Next: 62%
Magic:  4/4        EV: 13    Int: 12    God:
Gold:   125        SH:  0    Dex: 11    Spells: 3/3 levels left

rFire   . .          .
                       - Unarmed
rCold   . . .        (no shield)
rNeg    . . .        (helmet currently unavailable)
rPois   .            (no amulet)
rElec   .            (no ring)
rCorr   .            (no ring)
SInv    .            (no ring)
Will    .....        (no ring)
Stlth   +++          (no ring)
HPRegen 0.24/turn    (no ring)
MPRegen 0.09/turn    (no ring)
                     (no ring)

%: no passive effects
@: beast-form
A: beast (slay +1), almost no armour, amphibious, 8 rings, camouflage 1,
gelatinous body 1, (nimble swimmer 1), tentacles
a: Begin Untransformation


You were on level 3 of the Dungeon.
You were a hulking beast.
You visited 1 branch of the dungeon, and saw 4 of its levels.

You collected 181 gold pieces.
You spent 56 gold pieces at shops.

Inventory:

Magical Staves
 r - a staff of conjuration
Talismans
 b - a beast talisman
 c - a flux talisman
Scrolls
 e - 3 scrolls of identify {unknown}
 g - a scroll of enchant armour {unknown}
 h - a scroll of blinking {unknown}
 k - 2 scrolls of fog {unknown}
 l - a scroll of poison {unknown}
 m - a scroll of amnesia {unknown}
 o - a scroll of revelation {unknown}
 p - a scroll of teleportation {unknown}
Potions
 a - a potion of lignification
 d - 2 potions of berserk rage {unknown}
 i - a potion of degeneration
 j - a potion of mutation {unknown}
 q - a potion of heal wounds {unknown}
Miscellaneous
 n - a lightning rod (4/4)


   Skills:
 - Level 1.0 Fighting
 - Level 2.0 Dodging
 * Level 3.5 Stealth
 * Level 4.4 Unarmed Combat
 - Level 3.0 Shapeshifting


You had 3 spell levels left.
You didn't know any spells.
Your spell library contained the following spells:

 Spells                   Type           Power      Damage    Failure   Level
 Ensorcelled Hibernation  Hex/Ice        0%         N/A       45%         2
 Fugue of the Fallen      Necr           0%         N/A       69%         3
 Anguish                  Hex/Necr       0%         N/A       97%         4


Dungeon Overview and Level Annotations

Branches:
Dungeon (4/15)
 Temple: D:4-7

Altars:
Hepliaklqana
Trog
Wu Jian

Shops:
D:1 :![=

Annotations:
D:2 Sigmund


Innate Abilities, Weirdness & Mutations

You are a hulking beast.
Your limbs bulge with bestial killing power. (Slay +1)
You cannot wear most types of armour.
You are amphibious.
You can wear up to eight rings at the same time.
Your skin changes colour to match your surroundings (Stealth+).
Your rubbery body absorbs attacks. (AC +1, EV +1)
((You are camouflaged when in or above water. (Stealth+)))
You have tentacles for arms and can constrict up to eight enemies at once.


Message History

You feel better. The sleepcap misses you. The adder bites you.
The sleepcap closely misses you.
There is a stone staircase leading up here.
The adder bites you.
The sleepcap releases spores at you but does no damage.
The adder barely misses you.
You climb upwards.
There is a stone staircase leading down here.
Okay, then.
The adder attacks as it pursues you! The adder bites you. The adder bites you.
You are poisoned.
The adder poisons you!
You feel sick.
You feel sick. The adder attacks as it pursues you!
The adder closely misses you.
You are too injured to fight recklessly!
You are too injured to fight recklessly!
You closely miss the adder. Your grab misses the adder.
You feel sick. The adder barely misses you.
You bludgeon the adder! You grab the adder.
The adder is almost dead.
You constrict the adder.
You kill the adder!
You feel sick.
You are no longer poisoned.
You bludgeon the sleepcap! You grab the sleepcap.
The sleepcap is moderately damaged.
You constrict the sleepcap. The sleepcap misses you.
You tentacle-slap the sleepcap but do no damage.
The sleepcap is moderately damaged.
You constrict the sleepcap. The sleepcap closely misses you.
You completely miss the sleepcap.
The sleepcap is moderately damaged.
You constrict the sleepcap. The sleepcap releases spores at you.
* * * LOW HITPOINT WARNING * * *
You tentacle-slap the sleepcap. You squeeze the sleepcap.
The sleepcap is heavily damaged.
You constrict the sleepcap. The sleepcap releases spores at you.
You die...

## #.##._.#....#..........##.....
####.##...#...........###<##...##
##...##§≈≈###.>.......# #.###.###
##.#)##...# #.........###........
##.#.##._.# ####...#..........###
...#..#...## #...#############.
##.#######'# #.†.# ##.
##.#####...######f## ##.#
................h.# ##.##
#####.#..########.## #.## #
#.#..#######...# ##.##
#####.#...)......#.# #..#
.......#.#######...# #.#.
####.#...#######.#.# #.##
.........#......#..# #.##
#####...##.#..##.### #.##
#######.##.##.##.# #.##


You could see a sleepcap.

Vanquished Creatures
  5 adders
  2 ribbon worms (D:3)
  A dart slug (D:2)
  An orc (D:3)
  4 endoplasms
  2 giant cockroaches (D:1)
  4 hobgoblins
  2 quokkas (D:3)
  2 ball pythons (D:3)
  4 bats
  2 frilled lizards (D:1)
  4 goblins
  5 kobolds
  5 rats
43 creatures vanquished.

Notes
Turn   | Place    | Note
-------+----------+-------------------------------------------
     0 | D:1      | melchizedek the Octopode Shapeshifter began the quest for
                  | the Orb.
     0 | D:1      | Reached XP level 1. HP: 13/13 MP: 1/1
   141 | D:1      | Found Beuweoda's Armour Boutique.
   154 | D:1      | Found Alich's Jewellery Shop.
   158 | D:1      | Reached XP level 2. HP: 18/18 MP: 2/2
   269 | D:1      | Reached skill level 1 in Stealth
   308 | D:1      | Found Tumukuobb's Distillery.
   443 | D:1      | Bought a potion of degeneration for 14 gold pieces
   443 | D:1      | Bought a potion of curing for 42 gold pieces
   450 | D:1      | Found Umautame's Book Shop.
   664 | D:2      | Reached XP level 3. HP: 10/23 MP: 3/3
   798 | D:2      | Noticed Sigmund
   866 | D:3      | Reached skill level 4 in Unarmed Combat
   992 | D:3      | Found an ornate altar of the Wu Jian Council.
  1177 | D:3      | Reached XP level 4. HP: 28/28 MP: 4/4
  1618 | D:3      | Found a bloodstained altar of Trog.
  1618 | D:3      | Found a hazy altar of Hepliaklqana.
  2617 | D:4      | HP: 1/28 [sleepcap (20)]
  2635 | D:3      | Slain by a sleepcap

Illustrated notes

Levels and vault maps discovered:
D:1:      minmay_arrival_four_houses, layout_rooms, serial_shops, shop,
          nicolae_shop_gaudy_bauble, nicolae_shop_tiny_real_fake_doors, shop
D:2:      layout_basic, minivault_11, uniq_sigmund
D:3:      layout_loops_ring, mainiacjoe_overflow_divided_tiny,
          nzn_wu_jian_council_hall, minmay_checkerbox
D:4:      kennysheep_kobold_camp, layout_basic, minmay_temple_entry_trees

Skill      XL: |  1  2  3  4 |
---------------+-------------+-----
Stealth        | 1 2 3 |  3.5
Unarmed Combat | 4 |  4.4
Fighting       | |  1.0
Dodging        | |  2.0
Shapeshifting  | |  3.0

Action                     |  1- 3 |  4- 6 || total
---------------------------+-------+-------++-------
  Melee: Unarmed           |    59 |    28 ||    87
         Constrict         |    13 |     8 ||    21
         Tentacles         |    10 |     3 ||    13
         Punch             |     1 |     2 ||     3
    Use: Potion            |       |     2 ||     2
   Stab: Sleeping          |    10 |     4 ||    14
         Distracted        |     1 |       ||     1
 Armour: Skin              |    17 |    17 ||    34
  Dodge: Dodged            |    37 |    11 ||    48
